 Dungeon Crawl Stone Soup version 0.29.1-1-gd02db6906a (webtiles) character file.

Game seed: 17978314810770331771

812 AlexRAT the Trooper (level 7, -3/63 HPs)
             Began as a Minotaur Berserker on Oct 12, 2022.
             Was a Believer of Trog.
             Killed from afar by an orc wizard (5 damage)
             ... with a magic dart
             ... on level 4 of the Dungeon.
             The game lasted 00:03:18 (3048 turns).

AlexRAT the Trooper (Minotaur Berserker)            Turns: 3048, Time: 00:03:19

Health: -3/63      AC:  3    Str: 26    XL:     7   Next: 61%
Magic:  6/6        EV: 13    Int:  7    God:    Trog [**....]
Gold:   222        SH:  0    Dex: 10    Spells: 6/6 levels left

rFire   . . .      SeeInvis .   w - +2 whip (elec)
rCold   + . .      Faith    .   (no shield)
rNeg    + . .      Spirit   .   v - +1 robe "Denuron" {rCorr Str+3 Int+3}
rPois   .          Reflect  .   (helmet restricted)
rElec   .          Harm     .   (no cloak)
rCorr   +          Rampage  .   (no gloves)
Will    .....                   (no boots)
Stlth   +.........              (no amulet)
HPRegen 0.20/turn               m - ring of protection from cold
MPRegen 0.10/turn               p - ring of positive energy

@: on berserk cooldown, slowed, very slow
A: horns 2, retaliatory headbutt
a: Renounce Religion, Berserk, Trog's Hand


You were on level 4 of the Dungeon.
You worshipped Trog.
Trog was pleased with you.
You visited 1 branch of the dungeon, and saw 4 of its levels.

You collected 222 gold pieces.

Inventory:

Hand Weapons
 a - a +0 hand axe
 w - a +2 whip of electrocution (weapon)
Armour
 b - a +0 animal skin
 v - the +1 robe "Denuron" (worn) {rCorr Str+3 Int+3}
   (You found it on level 3 of the Dungeon)

   Str:       It affects your strength (+3).
   Int:       It affects your intelligence (+3).
   rCorr:     It protects you from acid and corrosion.
Jewellery
 m - a ring of protection from cold (left hand)
 p - a ring of positive energy (right hand)
Wands
 j - a wand of paralysis (14)
Scrolls
 d - a scroll of noise {unknown}
 e - a scroll of butterflies {unknown}
 g - a scroll of vulnerability {unknown}
 n - 3 scrolls of blinking {unknown}
 q - 2 scrolls of immolation {unknown}
 r - a scroll of teleportation {unknown}
 s - a scroll of enchant weapon {unknown}
 t - a scroll of identify {unknown}
 u - a scroll of enchant armour {unknown}
Potions
 c - a potion of lignification {unknown}
 f - a potion of resistance {unknown}
 h - a potion of haste {unknown}
 i - 2 potions of might {unknown}
 k - 2 potions of invisibility {unknown}
 l - a potion of degeneration {unknown}
 o - a potion of berserk rage {unknown}


   Skills:
 + Level 6.2 Fighting
 + Level 6.2 Axes
 + Level 5.6 Armour
 + Level 5.1 Dodging


You had 6 spell levels left.
You didn't know any spells.
Your spell library was empty.

Dungeon Overview and Level Annotations

Branches:
Dungeon (4/15)
 Temple: D:4-7

Altars:

Shops:
D:2 :

Annotations:
D:4 Sigmund


Innate Abilities, Weirdness & Mutations

You have a pair of horns on your head.
You reflexively headbutt those who attack you in melee.


Message History

Edmund zaps a wand.
The roots erupt in riotous growth!
The grasping roots grab you!
Edmund is unaffected.
The grasping roots constrict you.
* * * LOW HITPOINT WARNING * * *
You whack Edmund! Lightning courses through Edmund!
Edmund is almost dead.
Your skin stops crawling.
You feel less strong-willed.
Edmund drinks a potion.
Edmund is healed!
The grasping roots constrict you.
* * * LOW HITPOINT WARNING * * *
You barely miss Edmund.
Edmund is severely wounded.
Unknown command.
You hit Edmund. Lightning courses through Edmund!
You kill Edmund!
Trog accepts your kill.
Your Dodging skill increases to level 5!
You closely miss the goblin. Your headbutt misses the goblin.
You whack the goblin!
You kill the goblin!
Trog accepts your kill.
An orc wizard comes into view. It is wielding a +0 dagger.
Items here: $ ))) / [ †.
You hit the orc. Your headbutt misses the orc.
The orc is heavily wounded.
The orc completely misses you. You furiously retaliate!
You headbutt the orc!
You kill the orc!
Trog accepts your kill.
You see here a +0 hand axe.
You completely miss the orc wizard. Your headbutt misses the orc wizard.
The orc wizard gestures at you while chanting.
The magic dart hits you.
* * * LOW HITPOINT WARNING * * *
You closely miss the orc wizard. Your headbutt misses the orc wizard.
You are no longer berserk.
You are exhausted.
You feel yourself slow down.
You closely miss the orc wizard. The orc wizard casts a spell at you.
The magic dart hits you.
You die...

# .... # ...## # ...# #
#..# # #.#.. #..# #####
##.#.. #..# #.... #.....#
#####..#######.### #.#...
#@).†...†.).##.# # .....
......o.###..####.##.###
#.#@#####..#..# #..#
#.#...## #.Ss## #. #..#
#..# #..[....
#..###..#..###..#
#.....##
##<).o..........# #..#.##
#.)######$.###..####).#.#
#..)## .........).)..#.#
?...... .####.####.##.#


You could see an orc wizard.

Vanquished Creatures
  Pikel (D:4)
  Edmund (D:4)
  A scorpion (D:4)
  2 orc priests
  An orc wizard (D:4)
  Robin (D:3)
  4 adders
  An ufetubus (D:4)
  A dart slug (D:2)
  8 orcs
  5 ball pythons
  5 bats
  5 endoplasms
  3 giant cockroaches
  17 goblins
  5 hobgoblins
  A frilled lizard (D:1)
  2 kobolds
  4 rats
68 creatures vanquished.

Notes
Turn   | Place    | Note
-------+----------+-------------------------------------------
     0 | D:1      | AlexRAT the Minotaur Berserker began the quest for the Orb.
     0 | D:1      | Reached XP level 1. HP: 19/19 MP: 0/0
   403 | D:1      | Reached XP level 2. HP: 27/27 MP: 1/1
  1244 | D:2      | Found Losaimp's Book Shoppe.
  1473 | D:2      | Reached XP level 3. HP: 32/33 MP: 2/2
  1804 | D:3      | Reached ** piety under Trog
  1966 | D:3      | Noticed Robin
  1976 | D:3      | Killed Robin
  1977 | D:3      | Reached XP level 4. HP: 33/41 MP: 3/3
  2182 | D:3      | Identified the +1 robe "Denuron" {rCorr Str+3 Int+3}
  2397 | D:4      | Noticed Sigmund
  2717 | D:4      | Noticed a scorpion
  2718 | D:4      | Noticed Edmund
  2728 | D:3      | Reached XP level 5. HP: 47/47 MP: 4/4
  2825 | D:4      | Noticed Pikel
  2833 | D:4      | Killed Pikel
  2834 | D:4      | Reached skill level 5 in Fighting
  2834 | D:4      | Reached skill level 5 in Axes
  2834 | D:4      | Reached skill level 5 in Armour
  2834 | D:4      | Reached XP level 6. HP: 43/57 MP: 5/5
  2834 | D:4      | Reached XP level 7. HP: 47/62 MP: 6/6
  3040 | D:4      | Killed Edmund
  3041 | D:4      | Reached skill level 5 in Dodging
  3046 | D:4      | HP: 2/94 [orc wizard/magic dart (5)]
  3048 | D:4      | Killed from afar by an orc wizard

Illustrated notes

Levels and vault maps discovered:
D:1:      denvon_arrival_waterhouse, layout_rooms, grunt_decor_one_mirror
D:2:      layout_loops_ring, serial_shops, nicolae_shop_waterfront
D:3:      layout_basic, hangedman_decor_peaks_small, uniq_robin
D:4:      cheibrodos_barr_body, layout_loops_ring, minmay_small_thing,
          uniq_edmund, uniq_sigmund, uniq_pikel

Skill      XL: |  1  2  3  4  5  6  7 |
---------------+----------------------+-----
Fighting       | 4 5 6 |  6.2
Axes           | 4 5 6 |  6.2
Armour         | 3 5 |  5.6
Dodging        | 3 4 5 |  5.1

Action                   |  1- 3 |  4- 6 |  7- 9 || total
-------------------------+-------+-------+-------++-------
Melee: Hand axe          |    76 |    35 |       ||   111
       Headbutt          |     6 |     7 |     5 ||    18
       Whip              |       |       |    50 ||    50
       Punch             |       |       |     1 ||     1
Invok: Berserk           |     1 |     2 |     1 ||     4
       Trog's Hand       |     1 |       |     2 ||     3
Armor: Animal skin       |     9 |     1 |       ||    10
       Robe              |       |     8 |     9 ||    17
Dodge: Dodged            |    47 |    22 |    13 ||    82
